| TOP OF THE 1ST |
|
Jacksonville Suns batting - Pitching for Springfield Cardinals : LHP Kenji Yokoyama
|
|
Pitching: LHP Kenji Yokoyama
|
|
|
Batting: LHB Orlando Rivera
|
0-0: Called Strike 0-1: Ground out 4-3 (Groundball, 34, EV 79.4 MPH)
|
|
Batting: RHB Rafael Irizarry
|
0-0: Called Strike 0-1: Called Strike 0-2: Strikes out swinging
|
|
Batting: RHB Jack Power
|
0-0: Called Strike 0-1: Ball 1-1: Called Strike 1-2: Ball 2-2: Foul Ball, location: 2F 2-2: Strikes out looking
|
| Top of the 1st over - 0 runs, 0 hits, 0 errors, 0 left on base; Jacksonville 0 - Springfield 0 |
| BOTTOM OF THE 1ST |
|
Springfield Cardinals batting - Pitching for Jacksonville Suns : RHP Jorge Lara
|
|
Pitching: RHP Jorge Lara
|
|
|
Batting: RHB Jeff Long
|
0-0: Ground out U3 (Groundball, 34, EV 100.6 MPH)
|
|
Batting: LHB Angelo Vasquez
|
0-0: Called Strike 0-1: Foul Ball, location: 2F 0-2: Strikes out looking
|
|
Batting: RHB Pablo Nunez
|
0-0: Ball 1-0: Swinging Strike 1-1: Ball 2-1: Ground out 6-3 (Groundball, 6, EV 79.4 MPH)
|
| Bottom of the 1st over - 0 runs, 0 hits, 0 errors, 0 left on base; Jacksonville 0 - Springfield 0 |
| TOP OF THE 2ND |
|
Jacksonville Suns batting - Pitching for Springfield Cardinals : LHP Kenji Yokoyama
|
|
Batting: RHB Reomel Somera
|
0-0: Ball 1-0: Ground out 6-3 (Groundball, 6, EV 86.9 MPH)
|
|
Batting: RHB Akira Suzuki
|
0-0: Ball 1-0: Ground out 6-3 (Groundball, 6, EV 86.9 MPH)
|
|
Batting: RHB Len Graham
|
0-0: Called Strike 0-1: Swinging Strike 0-2: Strikes out swinging, 2-3 out at first.
|
| Top of the 2nd over - 0 runs, 0 hits, 0 errors, 0 left on base; Jacksonville 0 - Springfield 0 |
| BOTTOM OF THE 2ND |
|
Springfield Cardinals batting - Pitching for Jacksonville Suns : RHP Jorge Lara
|
|
Batting: RHB McGwire Jones
|
0-0: Foul Ball, location: 2F 0-1: Foul Ball, location: 2F 0-2: Foul Ball, location: 2F 0-2: Strikes out looking
|
|
Batting: RHB Jose Ramos
|
0-0: Ball 1-0: Called Strike 1-1: Ball 2-1: Foul Ball, location: 2F 2-2: Strikes out swinging
|
|
Batting: RHB Tommy Boudreaux
|
0-0: Ball 1-0: Swinging Strike 1-1: Fly out, F7 (Line Drive, 7, EV 97.5 MPH)
|
| Bottom of the 2nd over - 0 runs, 0 hits, 0 errors, 0 left on base; Jacksonville 0 - Springfield 0 |
| TOP OF THE 3RD |
|
Jacksonville Suns batting - Pitching for Springfield Cardinals : LHP Kenji Yokoyama
|
|
Batting: RHB Larry LeFever
|
0-0: Fly out, F3 (Popup, 3SF, EV 75.0 MPH)
|
|
Batting: RHB Chris Alft
|
0-0: Called Strike 0-1: Called Strike 0-2: Ball 1-2: Ball 2-2: SINGLE (Groundball, 56D, EV 98.8 MPH)
|
|
Batting: LHB Matt McKeon
|
0-0: Called Strike 0-1: Foul Ball, location: 2F 0-2: Strikes out swinging
|
|
Batting: LHB Orlando Rivera
|
0-0: Foul Ball, location: 2F 0-1: Ball 1-1: Ball 2-1: Fly out, F6 (Line Drive, 6M, EV 67.5 MPH)
|
| Top of the 3rd over - 0 runs, 1 hit, 0 errors, 1 left on base; Jacksonville 0 - Springfield 0 |
| BOTTOM OF THE 3RD |
|
Springfield Cardinals batting - Pitching for Jacksonville Suns : RHP Jorge Lara
|
|
Batting: RHB Fortunato Fteira
|
0-0: Ball 1-0: Ball 2-0: Called Strike 2-1: Bunt missed! 2-2: Ball 3-2: Foul Ball, location: 2F 3-2: Foul Ball, location: 2F 3-2: Base on Balls
|
|
Batting: RHB Immel Kamuzu
|
0-0: Ball 1-0: Called Strike 1-1: Ball 2-1: Fly out, F8 (Flyball, 8RM, EV 86.2 MPH)
|
|
Batting: RHB Kalidas Mishra
|
0-0: Ball 1-0: Ball Fortunato Fteira is caught stealing 2nd base 2-4 2-0: Swinging Strike 2-1: Foul Ball, location: 2F 2-2: Strikes out swinging
|
| Bottom of the 3rd over - 0 runs, 0 hits, 0 errors, 0 left on base; Jacksonville 0 - Springfield 0 |
| TOP OF THE 4TH |
|
Jacksonville Suns batting - Pitching for Springfield Cardinals : LHP Kenji Yokoyama
|
|
Batting: RHB Rafael Irizarry
|
0-0: Swinging Strike 0-1: Ball 1-1: Called Strike 1-2: Strikes out swinging
|
|
Batting: RHB Jack Power
|
0-0: Foul Ball, location: 2F 0-1: SINGLE (Groundball, 56D, EV 109.4 MPH)
|
|
Batting: RHB Reomel Somera
|
0-0: Ball 1-0: Ball 2-0: 2-RUN HOME RUN (Flyball, 9D, EV 103.8 MPH), Distance : 404 ft
|
|
Batting: RHB Akira Suzuki
|
0-0: Ball 1-0: Foul Ball, location: 2F 1-1: SINGLE (Line Drive, 56D, EV 101.2 MPH)
|
|
Batting: RHB Len Graham
|
0-0: Ball 1-0: Called Strike 1-1: Called Strike 1-2: Ball 2-2: Strikes out looking
|
|
Batting: RHB Larry LeFever
|
0-0: Ball 1-0: Ground out 4-3 (Groundball, 34S, EV 86.2 MPH)
|
| Top of the 4th over - 2 runs, 3 hits, 0 errors, 1 left on base; Jacksonville 2 - Springfield 0 |
| BOTTOM OF THE 4TH |
|
Springfield Cardinals batting - Pitching for Jacksonville Suns : RHP Jorge Lara
|
|
Batting: RHB Jeff Long
|
0-0: Called Strike 0-1: Ground out 6-3 (Groundball, 6, EV 81.2 MPH)
|
|
Batting: LHB Angelo Vasquez
|
0-0: Fly out, F8 (Flyball, 8LXD, EV 104.4 MPH)
|
|
Batting: RHB Pablo Nunez
|
0-0: Called Strike 0-1: Reached on error, E5 (Groundball, 56, EV 97.5 MPH)
|
|
Batting: RHB McGwire Jones
|
0-0: Ball Wild Pitch! Pablo Nunez to second 1-0: Ball 2-0: Called Strike 2-1: Fly out, F7 (Flyball, 7LS, EV 91.2 MPH)
|
| Bottom of the 4th over - 0 runs, 0 hits, 1 error, 1 left on base; Jacksonville 2 - Springfield 0 |
| TOP OF THE 5TH |
|
Jacksonville Suns batting - Pitching for Springfield Cardinals : LHP Kenji Yokoyama
|
|
Batting: RHB Chris Alft
|
0-0: Fly out, F4 (Popup, 4, EV 60.0 MPH)
|
|
Batting: LHB Matt McKeon
|
0-0: Ball 1-0: Fly out, F6 (Popup, 6D, EV 59.4 MPH)
|
|
Batting: LHB Orlando Rivera
|
0-0: Swinging Strike 0-1: Ball 1-1: Called Strike 1-2: Strikes out swinging, 2-3 out at first.
|
| Top of the 5th over - 0 runs, 0 hits, 0 errors, 0 left on base; Jacksonville 2 - Springfield 0 |
| BOTTOM OF THE 5TH |
|
Springfield Cardinals batting - Pitching for Jacksonville Suns : RHP Jorge Lara
|
|
Batting: RHB Jose Ramos
|
0-0: Swinging Strike 0-1: Ball 1-1: Called Strike 1-2: Ball 2-2: Ball 3-2: TRIPLE (Flyball, 89XD, EV 97.5 MPH)
|
|
Batting: RHB Tommy Boudreaux
|
0-0: Ground out 5-3 (Groundball, 56S, EV 76.9 MPH)
|
|
Batting: RHB Fortunato Fteira
|
0-0: Ball 1-0: Swinging Strike 1-1: Foul Ball, location: 2F 1-2: Ball 2-2: Ground out 2-3 (Groundball, 13S, EV 66.2 MPH)
|
|
Batting: RHB Immel Kamuzu
|
0-0: Ground out 4-3 (Groundball, 4, EV 101.9 MPH)
|
| Bottom of the 5th over - 0 runs, 1 hit, 0 errors, 1 left on base; Jacksonville 2 - Springfield 0 |
| TOP OF THE 6TH |
|
Jacksonville Suns batting - Pitching for Springfield Cardinals : LHP Kenji Yokoyama
|
|
Batting: RHB Rafael Irizarry
|
0-0: Swinging Strike 0-1: Swinging Strike 0-2: Ball 1-2: SINGLE (Line Drive, 8RS, EV 92.5 MPH)
|
|
Batting: RHB Jack Power
|
0-0: Called Strike Rafael Irizarry steals 2nd base 0-1: Swinging Strike 0-2: Ball 1-2: Ball 2-2: Strikes out looking
|
|
Batting: RHB Reomel Somera
|
0-0: Called Strike 0-1: Foul Ball, location: 2F 0-2: Fly out, F8 (Flyball, 78D, EV 106.9 MPH)
|
|
Batting: RHB Akira Suzuki
|
0-0: Intentional Walk
|
|
Batting: RHB Len Graham
|
0-0: Swinging Strike 0-1: Ball 1-1: Called Strike 1-2: Foul Ball, location: 2F 1-2: Foul Ball, location: 2F 1-2: Ground out 4-3 (Groundball, 34, EV 98.8 MPH)
|
| Top of the 6th over - 0 runs, 1 hit, 0 errors, 2 left on base; Jacksonville 2 - Springfield 0 |
| BOTTOM OF THE 6TH |
|
Springfield Cardinals batting - Pitching for Jacksonville Suns : RHP Jorge Lara
|
|
Batting: RHB Kalidas Mishra
|
0-0: Foul Ball, location: 2F 0-1: Ball 1-1: Ball 2-1: Ground out 4-3 (Groundball, 4, EV 83.8 MPH)
|
|
Pitching: RHP Mike Yorke
|
|
|
Batting: RHB Jeff Long
|
0-0: Called Strike 0-1: Ball 1-1: Called Strike 1-2: Strikes out looking
|
|
Batting: LHB Angelo Vasquez
|
0-0: Called Strike 0-1: Ball 1-1: SINGLE (Groundball, 6D, EV 103.1 MPH)
|
|
Batting: RHB Pablo Nunez
|
0-0: Called Strike 0-1: Swinging Strike 0-2: Strikes out swinging
|
| Bottom of the 6th over - 0 runs, 1 hit, 0 errors, 1 left on base; Jacksonville 2 - Springfield 0 |
| TOP OF THE 7TH |
|
Jacksonville Suns batting - Pitching for Springfield Cardinals : LHP Kenji Yokoyama
|
|
Batting: RHB Larry LeFever
|
0-0: Called Strike 0-1: Ball 1-1: Ball 2-1: Ground out 6-3 (Groundball, 6MD, EV 78.1 MPH)
|
|
Batting: RHB Chris Alft
|
0-0: Ball 1-0: Swinging Strike 1-1: Foul Ball, location: 2F 1-2: Ball 2-2: Strikes out looking
|
|
Batting: LHB Matt McKeon
|
0-0: Foul Ball, location: 2F 0-1: Ball 1-1: DOUBLE (Groundball, 3L, EV 98.1 MPH)
|
|
Batting: LHB Orlando Rivera
|
0-0: SINGLE (Flyball, 6D, EV 90.6 MPH) Matt McKeon to third Runner from 3rd tries for Home, throw by CF and OUT! 8-2
|
| Top of the 7th over - 0 runs, 2 hits, 0 errors, 1 left on base; Jacksonville 2 - Springfield 0 |
| BOTTOM OF THE 7TH |
|
Springfield Cardinals batting - Pitching for Jacksonville Suns : RHP Mike Yorke
|
|
Batting: RHB McGwire Jones
|
0-0: Ball 1-0: Ball 2-0: Called Strike 2-1: Called Strike 2-2: Foul Ball, location: 2F 2-2: Ground out 4-3 (Groundball, 4, EV 79.4 MPH)
|
|
Batting: RHB Jose Ramos
|
0-0: Ball 1-0: Ball 2-0: Fly out, F8 (Flyball, 8LM, EV 78.8 MPH)
|
|
Batting: RHB Tommy Boudreaux
|
0-0: Ball 1-0: Called Strike 1-1: Ball 2-1: Ground out 5-3 (Groundball, 56, EV 89.4 MPH)
|
| Bottom of the 7th over - 0 runs, 0 hits, 0 errors, 0 left on base; Jacksonville 2 - Springfield 0 |
| TOP OF THE 8TH |
|
Jacksonville Suns batting - Pitching for Springfield Cardinals : LHP Kenji Yokoyama
|
|
Batting: RHB Rafael Irizarry
|
0-0: Ball 1-0: Ground out 4-3 (Groundball, 4, EV 81.9 MPH)
|
|
Batting: RHB Jack Power
|
0-0: Foul Ball, location: 2F 0-1: Ball 1-1: Foul Ball, location: 2F 1-2: Strikes out swinging
|
|
Batting: RHB Reomel Somera
|
0-0: Ball 1-0: Ground out 6-3 (Groundball, 6, EV 98.8 MPH)
|
| Top of the 8th over - 0 runs, 0 hits, 0 errors, 0 left on base; Jacksonville 2 - Springfield 0 |
| BOTTOM OF THE 8TH |
|
Springfield Cardinals batting - Pitching for Jacksonville Suns : RHP Mike Yorke
|
|
Pitching: RHP Cory Levine
|
|
|
Batting: RHB Fortunato Fteira
|
0-0: Ball 1-0: Called Strike 1-1: Called Strike 1-2: Strikes out swinging
|
|
Pinch Hitting: LHB Travis Ruppel
|
0-0: Ball 1-0: Ball 2-0: Foul Ball, location: 2F 2-1: Foul Ball, location: 2F 2-2: DOUBLE (Line Drive, 78D, EV 108.8 MPH)
|
|
Batting: RHB Kalidas Mishra
|
0-0: Ball 1-0: Ball 2-0: Foul Ball, location: 2F 2-1: Ball 3-1: Called Strike 3-2: Foul Ball, location: 2F 3-2: Strikes out swinging
|
|
Batting: RHB Jeff Long
|
0-0: Called Strike 0-1: Ground out 5-3 (Groundball, 56S, EV 80.6 MPH)
|
| Bottom of the 8th over - 0 runs, 1 hit, 0 errors, 1 left on base; Jacksonville 2 - Springfield 0 |
| TOP OF THE 9TH |
|
Jacksonville Suns batting - Pitching for Springfield Cardinals : LHP Kenji Yokoyama
|
|
Now at 3B: McGwire Jones
|
|
|
Now in RF: Travis Ruppel
|
|
|
Batting: RHB Akira Suzuki
|
0-0: Called Strike 0-1: Foul Ball, location: 2F 0-2: Ball 1-2: Foul Ball, location: 2F 1-2: Foul Ball, location: 2F 1-2: Ground out 6-3 (Groundball, 6M, EV 90.0 MPH)
|
|
Batting: RHB Len Graham
|
0-0: Called Strike 0-1: Foul Ball, location: 2F 0-2: Fly out, F9 (Flyball, 9, EV 87.5 MPH)
|
|
Batting: RHB Larry LeFever
|
0-0: Ball 1-0: Ball 2-0: Called Strike 2-1: Swinging Strike 2-2: Strikes out swinging
|
| Top of the 9th over - 0 runs, 0 hits, 0 errors, 0 left on base; Jacksonville 2 - Springfield 0 |
| BOTTOM OF THE 9TH |
|
Springfield Cardinals batting - Pitching for Jacksonville Suns : RHP Cory Levine
|
|
Pitching: RHP Pat Proctor
|
|
|
Batting: LHB Angelo Vasquez
|
0-0: Ball 1-0: Called Strike 1-1: Ball 2-1: Ball 3-1: Base on Balls
|
|
Batting: RHB Pablo Nunez
|
0-0: Called Strike 0-1: Ball 1-1: Ball 2-1: Swinging Strike 2-2: Strikes out swinging
|
|
Pinch Hitting: LHB Ronnie Ashley
|
0-0: Called Strike 0-1: Ball 1-1: Ball 2-1: Called Strike 2-2: Strikes out swinging
|
|
Batting: RHB Jose Ramos
|
0-0: Ball 1-0: Ball 2-0: Ball 3-0: Called Strike 3-1: Called Strike 3-2: Strikes out swinging
|
| Bottom of the 9th over - 0 runs, 0 hits, 0 errors, 1 left on base; Jacksonville 2 - Springfield 0 |
|